[Event "Titled Tuesday Blitz August 15 Late 2023"]
[White "Hartikainen, Jarmo"]
[Black "Vaglio Munoz, Jaime"]
[WhiteFideId "503134"]
[BlackFideId "6500145"]
[WhiteElo "2114"]
[BlackElo "2238"]
[Result "0-1"]
[Round "9"]
[TimeControl "180+1"]
[Date "2023.08.15"]
[WhiteClock "0:00:00"]
[BlackClock "0:00:24"]
[Board "110"]

1. e4 c5 2. c3 Qa5 3. Nf3 Nc6 4. Be2 Nf6 5. d3 d5 6. Nbd2 e6 7. O-O Be7 8. Re1 O-O 9. Bf1 dxe4 10. dxe4 Rd8 11. Qc2 h6 12. a4 Qc7 13. Nc4 b6 14. g3 Bb7 15. Bf4 Qc8 16. Nfe5 Nxe5 17. Nxe5 Bd6 18. Bg2 Qc7 19. Nd3 e5 20. Bd2 Ba6 21. Rad1 Bc8 22. f4 Bg4 23. Rc1 c4 24. Nxe5 Bxe5 25. fxe5 Qxe5 26. Bf4 Qc5+ 27. Be3 Qc7 28. h3 Be6 29. Qf2 Rac8 30. Rcd1 Rxd1 31. Rxd1 Rd8 32. Rxd8+ Qxd8 33. Bd4 Nd7 34. g4 f6 35. Qf4 Qb8 36. Qxb8+ Nxb8 37. a5 bxa5 38. Bxa7 Nc6 39. Bb6 a4 40. Bf3 Ne5 41. Bd1 Bd7 42. Bc2 Bc6 43. Kf2 Kf7 44. Ke3 Ke6 45. Bd1 Kd6 46. Bd4 Nd7 47. Be2 Bb5 48. Ba7 g5 49. Kd4 Ne5 50. Bb8+ Ke6 51. Bxe5 fxe5+ 52. Kc5 Bd7 53. Bxc4+ Kf6 54. Bb5 Be6 55. Bxa4 h5 56. Bd1 h4 57. b4 Ke7 58. b5 Kd7 59. b6 Kc8 60. Ba4 Kb7 61. Bc6+ Kb8 62. Kd6 Bxg4 0-1


[Site "https://www.chess.com"]

[Event "Titled Tuesday Blitz August 15 Late 2023"]
[White "Petersson, Kjell"]
[Black "Romero Ruscalleda, Josep"]
[WhiteFideId "1705148"]
[BlackFideId "2231859"]
[WhiteElo "2171"]
[BlackElo "2394"]
[Result "0-1"]
[Round "9"]
[TimeControl "180+1"]
[Date "2023.08.15"]
[WhiteClock "0:00:01"]
[BlackClock "0:00:46"]
[Board "111"]

1. d4 g6 2. e4 Bg7 3. Nf3 d6 4. Nc3 a6 5. Be3 b5 6. Qd2 Bb7 7. Bd3 Nf6 8. a3 Ng4 9. Bg5 h6 10. Bh4 Nd7 11. h3 Ngf6 12. O-O-O O-O 13. g4 c5 14. g5 hxg5 15. Bxg5 b4 16. axb4 cxb4 17. Na2 Bxe4 18. Bxe4 Nxe4 19. Qe3 Nxg5 20. Qxg5 a5 21. h4 e6 22. Qe3 Nf6 23. h5 Nxh5 24. Rxh5 gxh5 25. Rg1 Qf6 26. Kb1 Rfc8 27. Qe2 Kf8 28. Rh1 Rab8 29. Nc1 a4 30. Rxh5 b3 31. cxb3 Qg6+ 32. Nd3 Qxh5 33. bxa4 Rb3 34. Qd1 Rcb8 35. a5 Bxd4 36. Ka1 Qxa5+ 37. Kb1 Rxb2+ 38. Nxb2 Rxb2+ 0-1


[Site "https://www.chess.com"]

[Event "Titled Tuesday Blitz August 15 Late 2023"]
[White "Maluco_do_Natal_00"]
[Black "Jahnz, Fabian"]
[BlackFideId "4653300"]
[WhiteElo "2073"]
[BlackElo "2314"]
[Result "0-1"]
[Round "9"]
[TimeControl "180+1"]
[Date "2023.08.15"]
[WhiteClock "0:00:00"]
[BlackClock "0:00:12"]
[Board "112"]

1. e4 c6 2. d4 d5 3. Nc3 dxe4 4. Nxe4 Nf6 5. Nxf6+ exf6 6. c3 Bd6 7. Qc2 O-O 8. Bd3 Re8+ 9. Ne2 h6 10. Be3 Nd7 11. O-O Nf8 12. c4 Be6 13. Rad1 a5 14. a3 Qb8 15. h3 b5 16. c5 Bc7 17. Be4 Qb7 18. Rfe1 a4 19. d5 Bxd5 20. Bxd5 cxd5 21. c6 Qa6 22. Rxd5 Bb6 23. Nc3 Bxe3 24. Rxe3 Rxe3 25. fxe3 Qxc6 26. Rxb5 Ne6 27. Qe4 Qe8 28. Rb7 Nc5 29. Qxe8+ Rxe8 30. Rc7 Re5 31. Rc8+ Kh7 32. Rc7 Kg6 33. Ra7 Rxe3 34. Nxa4 Nd3 35. Rb7 Re1+ 36. Kh2 Rb1 37. b4 f5 38. Nc3 Rb3 39. Rb6+ f6 40. Nd5 Rxa3 41. Ne7+ Kf7 42. Nxf5 Kg6 43. Ne7+ Kf7 44. Nf5 Rb3 45. b5 h5 46. Rb7+ Kg6 47. Nxg7 Rb2 48. Ne6 Ne1 49. Kg3 Rxg2+ 50. Kf4 Rb2 51. b6 Rb4+ 0-1


[Site "https://www.chess.com"]

[Event "Titled Tuesday Blitz August 15 Late 2023"]
[White "KSho99"]
[Black "cthake"]
[WhiteElo "2195"]
[BlackElo "1834"]
[Result "1-0"]
[Round "9"]
[TimeControl "180+1"]
[Date "2023.08.15"]
[WhiteClock "0:01:03"]
[BlackClock "0:00:37"]
[Board "113"]

1. Nf3 e6 2. b3 f5 3. Bb2 Nf6 4. e3 Be7 5. c4 O-O 6. Nc3 d6 7. Be2 Qe8 8. O-O b6 9. d4 Bb7 10. Ne1 Nbd7 11. Bf3 Ne4 12. g3 Ndf6 13. Bg2 g5 14. Ne2 Qg6 15. f3 d5 16. fxe4 dxe4 17. Nc3 Ng4 18. Qd2 f4 19. exf4 e3 20. Qe2 Bxg2 21. Nxg2 Qh5 22. Nxe3 Nf6 23. Qxh5 Nxh5 24. fxg5 Bxg5 25. Ng4 Rfd8 26. Ne4 Be7 27. Rad1 Ng7 28. Ngf6+ Bxf6 29. Nxf6+ Kh8 30. d5 exd5 31. Nh5 Rg8 32. Rf7 1-0


[Site "https://www.chess.com"]

[Event "Titled Tuesday Blitz August 15 Late 2023"]
[White "Bongo Akanga Ndjila, Barthelemy"]
[Black "dorpato"]
[WhiteFideId "10609431"]
[WhiteElo "2039"]
[BlackElo "2044"]
[Result "1-0"]
[Round "9"]
[TimeControl "180+1"]
[Date "2023.08.15"]
[WhiteClock "0:00:12"]
[BlackClock "0:00:00"]
[Board "114"]

1. d4 Nf6 2. c4 g6 3. Nc3 d5 4. Nf3 Bg7 5. e3 O-O 6. Be2 c6 7. O-O Be6 8. b3 a6 9. Ng5 Bf5 10. g4 Bc8 11. h3 b5 12. cxd5 cxd5 13. Ba3 Re8 14. Nf3 Bb7 15. Ne5 Nc6 16. Nd3 Nd7 17. Bc5 Nxc5 18. Nxc5 Bc8 19. Rc1 Qd6 20. Bf3 e6 21. a3 f5 22. b4 fxg4 23. hxg4 Rf8 24. Kg2 Bd7 25. Nb7 Qc7 26. Nc5 Qd6 27. Rh1 Be8 28. g5 Rf7 29. Bg4 Bd7 30. f4 Raf8 31. Ne2 Nd8 32. Ng3 Re7 33. Qe2 Bh8 34. Rcf1 1-0


[Site "https://www.chess.com"]

[Event "Titled Tuesday Blitz August 15 Late 2023"]
[White "Vargas, Mauricio"]
[Black "Burke, Paul"]
[WhiteFideId "4404572"]
[BlackFideId "2605767"]
[WhiteElo "1877"]
[BlackElo "1836"]
[Result "0-1"]
[Round "9"]
[TimeControl "180+1"]
[Date "2023.08.15"]
[WhiteClock "0:00:00"]
[BlackClock "0:01:27"]
[Board "115"]

1. e4 e5 2. Nf3 Nc6 3. d4 exd4 4. Bc4 Be7 5. c3 d6 6. cxd4 Nf6 7. Nc3 O-O 8. O-O Bg4 9. Be3 Nxe4 10. Nxe4 d5 11. Bxd5 Qxd5 12. Ned2 f5 13. h3 Bh5 14. Rc1 f4 15. Rc5 Bxc5 16. dxc5 fxe3 17. fxe3 Bxf3 18. Nxf3 Qxd1 19. Rxd1 Rad8 20. Re1 Rfe8 21. e4 Nd4 22. e5 Nxf3+ 23. gxf3 Rd5 24. f4 Rxc5 25. Re2 g6 26. Kg2 Kf7 27. a3 Ke6 28. Kf3 Kf5 29. Re3 Rc4 30. Rc3 Rxc3+ 31. bxc3 Rd8 32. Ke3 Rd1 33. c4 Rf1 34. e6 Re1+ 35. Kf3 Rxe6 0-1


[Site "https://www.chess.com"]

[Event "Titled Tuesday Blitz August 15 Late 2023"]
[White "Bhavikatti, Neil"]
[Black "Milovic, Aleksandra"]
[WhiteFideId "30935024"]
[BlackFideId "933988"]
[WhiteElo "2477"]
[BlackElo "2066"]
[Result "1-0"]
[Round "9"]
[TimeControl "180+1"]
[Date "2023.08.15"]
[WhiteClock "0:00:39"]
[BlackClock "0:01:31"]
[Board "116"]

1. d4 d5 2. c4 e6 3. Nc3 Nf6 4. cxd5 exd5 5. Bg5 Be7 6. Qc2 c6 7. e3 Nbd7 8. Bd3 h6 9. Bh4 Nh5 10. Bxe7 Qxe7 11. Nge2 Nb6 12. O-O O-O 13. a3 a5 14. Rab1 a4 15. Na2 Be6 16. Nb4 Nc8 17. Nc3 Nd6 18. Nxa4 Nf6 19. Nc5 b5 20. Nxc6 Qc7 21. Ne5 Nfe4 22. Nxe4 Nxe4 23. Qxc7 1-0


[Site "https://www.chess.com"]

[Event "Titled Tuesday Blitz August 15 Late 2023"]
[White "Duda, Jan-Krzysztof"]
[Black "Vachier-Lagrave, Maxime"]
[WhiteFideId "1170546"]
[BlackFideId "623539"]
[WhiteElo "3093"]
[BlackElo "3125"]
[Result "0-1"]
[Round "10"]
[TimeControl "180+1"]
[Date "2023.08.15"]
[WhiteClock "0:00:00"]
[BlackClock "0:00:14"]
[Board "1"]

1. Nf3 c5 2. g3 g6 3. Bg2 Bg7 4. c4 Nc6 5. O-O d6 6. Nc3 e5 7. Ne1 Be6 8. d3 Nge7 9. Nd5 O-O 10. Nc2 Qd7 11. Rb1 Bh3 12. e4 Bxg2 13. Kxg2 f5 14. b4 f4 15. f3 g5 16. bxc5 dxc5 17. Bb2 Ng6 18. g4 h5 19. h3 Kf7 20. Bc3 Rh8 21. Rg1 Rh7 22. Rb5 hxg4 23. hxg4 Rah8 24. Kf1 Bf8 25. Ne1 Rh2 26. Rb2 R2h3 27. Qb1 Nd8 28. Rf2 Bd6 29. Ke2 Ne6 30. Kd2 Nd4 31. Rgf1 Rg3 32. Bxd4 exd4 33. Ke2 Ne5 34. Qb3 Qc6 35. a4 Bc7 36. Nxc7 Qxc7 37. Qb5 a6 38. Qb3 Rh6 39. Kd1 Rb6 40. Qa2 Rh3 41. Rh2 Rb1+ 42. Qxb1 Rxh2 43. Qb3 Qa5 44. Kc1 Qd2+ 45. Kb1 b6 46. a5 Qxa5 47. Nc2 Qd2 48. Rc1 Nxd3 49. Rg1 Ne5 50. Rc1 d3 51. Qxb6 dxc2+ 52. Ka2 Qd7 0-1


[Site "https://www.chess.com"]

[Event "Titled Tuesday Blitz August 15 Late 2023"]
[White "Bortnyk, Olexandr"]
[Black "Hakobyan, Aram"]
[WhiteFideId "14120828"]
[BlackFideId "13306677"]
[WhiteElo "3090"]
[BlackElo "2999"]
[Result "0-1"]
[Round "10"]
[TimeControl "180+1"]
[Date "2023.08.15"]
[WhiteClock "0:00:00"]
[BlackClock "0:00:45"]
[Board "2"]

1. e4 e5 2. Bc4 Nf6 3. d3 Nc6 4. Nc3 Bb4 5. Bd2 d6 6. Nge2 O-O 7. O-O Be6 8. a3 Bc5 9. Kh1 Ng4 10. Be1 Qh4 11. h3 Bxf2 12. Ng1 Bxe1 13. Qxe1 Qxe1 14. Raxe1 Nf6 15. Bxe6 fxe6 16. Nf3 h6 17. g4 Rf7 18. Kg2 Raf8 19. Rf2 Ne7 20. d4 Ng6 21. dxe5 dxe5 22. Kg3 Nh7 23. Ree2 Ng5 24. Nxg5 hxg5 25. Rxf7 Kxf7 26. Rd2 Ke7 27. Rf2 Nf4 28. Rh2 Rd8 29. h4 gxh4+ 30. Rxh4 Kf6 31. Rh2 a6 32. Kf3 Kg5 33. Rh7 Kf6 34. Rh2 Ng6 35. Kg3 Ne7 36. Rf2+ Kg6 37. Rh2 Nc6 38. Kf3 Nd4+ 39. Ke3 Rf8 40. Rh5 Rf3+ 41. Kd2 Rg3 42. Ke1 Rxg4 43. Rh8 Rg2 44. Rc8 Nxc2+ 45. Kf1 Ne3+ 46. Ke1 Rxb2 47. Rxc7 Rc2 48. a4 b6 49. Rc6 Kf7 50. Rc7+ Kf6 51. Rc6 Kg5 52. Rc7 g6 53. Rc8 Kg4 54. Rc7 g5 55. Rc6 b5 56. axb5 axb5 57. Rc7 b4 58. Nb5 Rxc7 59. Nxc7 b3 0-1


[Site "https://www.chess.com"]

[Event "Titled Tuesday Blitz August 15 Late 2023"]
[White "Deac, Bogdan-Daniel"]
[Black "Rasulov, Vugar"]
[WhiteFideId "1226380"]
[BlackFideId "13402390"]
[WhiteElo "3007"]
[BlackElo "2907"]
[Result "1-0"]
[Round "10"]
[TimeControl "180+1"]
[Date "2023.08.15"]
[WhiteClock "0:00:07"]
[BlackClock "0:00:03"]
[Board "3"]

1. d4 Nf6 2. c4 b6 3. Nf3 Bb7 4. g3 Bxf3 5. exf3 e6 6. a3 d5 7. Nc3 Be7 8. Be3 O-O 9. Rc1 c5 10. dxc5 bxc5 11. Na4 Nbd7 12. Be2 d4 13. Bd2 e5 14. Bd3 e4 15. Bxe4 Nxe4 16. fxe4 Ne5 17. O-O Qd7 18. f4 Nd3 19. Rb1 Qc6 20. e5 f6 21. exf6 Bxf6 22. Rf3 Qe4 23. Qf1 Ne5 24. fxe5 Bxe5 25. Rxf8+ Rxf8 26. Qe1 Qf5 27. Nxc5 d3 28. Qe4 Qf2+ 29. Kh1 Qxc5 30. Qd5+ Qxd5+ 31. cxd5 Rf2 32. Rd1 Re2 33. Bb4 Re3 34. Bc5 Re2 35. Rxd3 Rxb2 36. Bxa7 Kf7 37. d6 Bf6 38. d7 Bd8 39. Bc5 Ke6 40. Bb4 h5 41. h4 Rc2 42. Bd2 Rc7 43. Bg5 Bxg5 44. hxg5 Rxd7 45. Rxd7 Kxd7 46. Kg2 Ke6 47. Kf3 Kf5 48. a4 Ke5 49. a5 Kd5 50. Kf4 Kc6 51. Kf5 Kb5 52. Kg6 h4 53. gxh4 Kxa5 54. h5 1-0


[Site "https://www.chess.com"]

[Event "Titled Tuesday Blitz August 15 Late 2023"]
[White "Grischuk, Alexander"]
[Black "Grigoriants, Sergey"]
[WhiteFideId "4126025"]
[BlackFideId "4130804"]
[WhiteElo "3039"]
[BlackElo "2984"]
[Result "1-0"]
[Round "10"]
[TimeControl "180+1"]
[Date "2023.08.15"]
[WhiteClock "0:00:21"]
[BlackClock "0:00:00"]
[Board "4"]

1. d4 d5 2. Nf3 Nf6 3. Bg5 c6 4. e3 Bf5 5. Bxf6 exf6 6. c4 dxc4 7. Bxc4 Bd6 8. Nc3 O-O 9. O-O Nd7 10. Re1 Bg6 11. h3 Re8 12. e4 Nb6 13. Bb3 Bc7 14. Qc2 Bh5 15. g4 Bg6 16. Rad1 Qd6 17. Qc1 Rad8 18. e5 Qe7 19. Qf4 fxe5 20. Nxe5 Qf6 21. Qxf6 gxf6 22. Nxg6 hxg6 23. Ne4 Kg7 24. Nc5 Rxe1+ 25. Rxe1 Rxd4 26. Re7 Bd6 27. Rxf7+ Kh6 28. Ne6 Rd2 29. f4 Nd7 30. g5+ fxg5 31. fxg5+ 1-0


[Site "https://www.chess.com"]

[Event "Titled Tuesday Blitz August 15 Late 2023"]
[White "Holt, Conrad"]
[Black "Sadhwani, Raunak"]
[WhiteFideId "2034387"]
[BlackFideId "35093487"]
[WhiteElo "2918"]
[BlackElo "3023"]
[Result "1-0"]
[Round "10"]
[TimeControl "180+1"]
[Date "2023.08.15"]
[WhiteClock "0:02:50"]
[BlackClock "0:01:07"]
[Board "5"]

1. d4 g6 2. c4 Bg7 3. Nf3 Nf6 4. Nc3 O-O 5. e4 d6 6. h3 e5 7. dxe5 dxe5 8. Qxd8 Rxd8 9. Bg5 c6 10. Nxe5 Re8 11. O-O-O Na6 12. Nf3 h6 13. Be3 Nxe4 14. Nxe4 Rxe4 15. Rd8+ Kh7 16. h4 Bf6 17. Ng5+ Kg7 18. Rxc8 1-0


[Site "https://www.chess.com"]

[Event "Titled Tuesday Blitz August 15 Late 2023"]
[White "Martinez Alcantara, Jose Eduardo"]
[Black "Eljanov, Pavel"]
[WhiteFideId "3805662"]
[BlackFideId "14102951"]
[WhiteElo "3009"]
[BlackElo "2927"]
[Result "1-0"]
[Round "10"]
[TimeControl "180+1"]
[Date "2023.08.15"]
[WhiteClock "0:00:41"]
[BlackClock "0:00:04"]
[Board "6"]

1. e4 e5 2. Nf3 Nc6 3. Nc3 Nf6 4. h3 d5 5. exd5 Nxd5 6. Bb5 Nxc3 7. bxc3 Bd6 8. O-O O-O 9. d4 Bd7 10. Rb1 exd4 11. cxd4 b6 12. Re1 h6 13. Bd3 Nb4 14. Be4 Bc6 15. Bd2 Bxe4 16. Rxe4 a5 17. c3 Nd5 18. c4 Nf6 19. Re1 Re8 20. Qc2 Qd7 21. Ne5 Bxe5 22. dxe5 Nh7 23. Rbd1 Qc6 24. Bf4 Nf8 25. Rd5 Rad8 26. Qd3 Ne6 27. Be3 Qa4 28. f4 Rxd5 29. Qxd5 Qxa2 30. f5 Nf8 31. e6 fxe6 32. fxe6 c6 33. Qd3 Rxe6 34. Rf1 Rf6 35. Rxf6 gxf6 36. Bd4 b5 37. Qg3+ Kf7 38. Qc7+ Kg6 39. Qg3+ Kf7 40. Qc7+ Kg6 41. Qxc6 Nh7 42. Qe4+ Kg7 43. cxb5 a4 44. b6 Qb3 45. b7 Ng5 46. Qe7+ 1-0


[Site "https://www.chess.com"]

[Event "Titled Tuesday Blitz August 15 Late 2023"]
[White "Keymer, Vincent"]
[Black "Ibarra Jerez, Jose Carlos"]
[WhiteFideId "12940690"]
[BlackFideId "2226332"]
[WhiteElo "2955"]
[BlackElo "2904"]
[Result "1-0"]
[Round "10"]
[TimeControl "180+1"]
[Date "2023.08.15"]
[WhiteClock "0:00:30"]
[BlackClock "0:00:00"]
[Board "7"]

1. Nf3 d6 2. d4 Nf6 3. c4 g6 4. g3 Bf5 5. Bg2 Bg7 6. Nh4 Be4 7. Nf3 Bf5 8. Qb3 Qc8 9. Nc3 Nc6 10. d5 Nd8 11. O-O O-O 12. Bd2 Ne4 13. Nxe4 Bxe4 14. Bc3 e5 15. Rfe1 a5 16. Rac1 b6 17. Bf1 Bxf3 18. exf3 Nb7 19. Qc2 Nc5 20. b3 Qd7 21. h4 h5 22. Re2 f5 23. a3 a4 24. b4 Nb3 25. Rce1 Rae8 26. Bb2 Re7 27. Kh2 Rfe8 28. Qd1 Qd8 29. Bh3 Kh7 30. Kg2 Nd4 31. Re3 Nb3 32. g4 Rf7 33. gxf5 gxf5 34. f4 Qxh4 35. Rh1 Qxf4 36. Qxh5+ Kg8 37. Rg3 Qe4+ 38. Kh2 Qc2 39. Rhg1 Ree7 40. R1g2 Qxb2 41. Bxf5 Rxf5 42. Qxf5 e4 43. Qc8+ Kh7 44. Rh3+ 1-0


[Site "https://www.chess.com"]

[Event "Titled Tuesday Blitz August 15 Late 2023"]
[White "Kovalev, Vladislav"]
[Black "Elsa167"]
[WhiteFideId "13504398"]
[WhiteElo "2879"]
[BlackElo "2945"]
[Result "1-0"]
[Round "10"]
[TimeControl "180+1"]
[Date "2023.08.15"]
[WhiteClock "0:00:08"]
[BlackClock "0:00:00"]
[Board "8"]

1. e4 c5 2. Nf3 d6 3. Bb5+ Nd7 4. O-O a6 5. Bd3 g6 6. c3 Bg7 7. Bc2 b5 8. d4 cxd4 9. cxd4 Bb7 10. Re1 Ngf6 11. e5 dxe5 12. dxe5 Ng4 13. e6 fxe6 14. Ng5 Qc7 15. Qxg4 Qxc2 16. Qxe6 O-O-O 17. Nc3 Qf5 18. Qxf5 gxf5 19. Nf7 Bxc3 20. bxc3 Rhg8 21. g3 Rde8 22. Bf4 Nf6 23. c4 bxc4 24. Rac1 Bd5 25. Ne5 Kb7 26. Nxc4 Bxc4 27. Rxc4 Nd5 28. Bd2 Rc8 29. Rd4 Rgd8 30. Re5 Nc7 31. Rxd8 Rxd8 32. Ba5 e6 33. Bxc7 Kxc7 34. Rxe6 Kb7 35. Re7+ Rd7 36. Rxd7+ 1-0


[Site "https://www.chess.com"]

[Event "Titled Tuesday Blitz August 15 Late 2023"]
[White "Nakamura, Hikaru"]
[Black "Moskalenko, Alexander"]
[WhiteFideId "2016192"]
[BlackFideId "4155351"]
[WhiteElo "3209"]
[BlackElo "2893"]
[Result "1-0"]
[Round "10"]
[TimeControl "180+1"]
[Date "2023.08.15"]
[WhiteClock "0:00:20"]
[BlackClock "0:00:26"]
[Board "9"]

1. b3 Nf6 2. Bb2 g6 3. Bxf6 exf6 4. e3 d5 5. d4 a5 6. a3 a4 7. b4 Be6 8. Nd2 f5 9. Ne2 b5 10. g3 c6 11. Nf4 Bd6 12. Nd3 h5 13. Qe2 Nd7 14. O-O-O h4 15. Bg2 Qe7 16. Rhe1 hxg3 17. hxg3 Rh2 18. Qf1 O-O-O 19. Nf3 Rhh8 20. Nde5 Kc7 21. Rd3 Nb6 22. Rc3 Nc4 23. Nd3 Bc8 24. Kb1 g5 25. Rd1 f6 26. Ka2 Rh6 27. Nd2 Be6 28. Nxc4 dxc4 29. Nc1 Bd5 30. f3 Bxg3 31. e4 Bf7 32. Ne2 Bd6 33. Re1 Rh2 34. Qg1 Rdh8 35. d5 c5 36. bxc5 Bxc5 37. Nd4 Qe5 38. Ne6+ Bxe6 39. Qxc5+ Kd8 40. Qb6+ Ke7 41. exf5 Qxe1 42. Re3 1-0


[Site "https://www.chess.com"]

[Event "Titled Tuesday Blitz August 15 Late 2023"]
[White "Klukin, Kirill"]
[Black "Bluebaum, Matthias"]
[WhiteFideId "24199273"]
[BlackFideId "24651516"]
[WhiteElo "2830"]
[BlackElo "3023"]
[Result "0-1"]
[Round "10"]
[TimeControl "180+1"]
[Date "2023.08.15"]
[WhiteClock "0:00:01"]
[BlackClock "0:00:13"]
[Board "10"]

1. d4 d5 2. c4 e6 3. Nc3 Bb4 4. Bd2 c5 5. cxd5 exd5 6. Nf3 Nc6 7. dxc5 Bxc5 8. e3 Nf6 9. Be2 O-O 10. Rc1 a6 11. O-O Qd6 12. a3 Bg4 13. h3 Bh5 14. b4 Ba7 15. Na4 Rac8 16. Bc3 Ne4 17. Bb2 Bb8 18. Re1 Rfe8 19. Nc5 Bxf3 20. Bxf3 Qh2+ 21. Kf1 Nxc5 22. Rxc5 d4 23. Bxd4 Rcd8 24. Bxc6 bxc6 25. Qg4 g6 26. Rd1 Be5 27. Rc4 h5 28. Qf3 Rd6 29. Rxc6 Rxd4 30. exd4 Bxd4 31. g3 Qxh3+ 32. Qg2 Qf5 33. Rcc1 Bb6 34. Re1 Rd8 35. Rcd1 Rc8 36. Re2 Rc3 37. Qe4 Qh3+ 38. Qg2 Qf5 39. a4 Rf3 40. Kg1 h4 41. gxh4 Rf4 42. Qd5 Qg4+ 43. Kf1 Qh3+ 44. Qg2 Qf5 45. Rd5 Qb1+ 46. Re1 Qxb4 47. Re2 Qb1+ 48. Re1 Qa2 49. Re2 Qa1+ 50. Re1 Qf6 51. Rd2 Ba5 52. Red1 Bxd2 53. Rxd2 Qa1+ 54. Ke2 Qxa4 55. Qa8+ Kg7 56. Qd5 Re4+ 57. Kf3 Rxh4 58. Qe5+ Kh7 59. Qf6 Qg4+ 60. Ke3 Qe4# 0-1


[Site "https://www.chess.com"]

[Event "Titled Tuesday Blitz August 15 Late 2023"]
[White "Andreikin, Dmitry"]
[Black "Yanchenko, Roman"]
[WhiteFideId "4158814"]
[BlackFideId "4137329"]
[WhiteElo "3001"]
[BlackElo "2786"]
[Result "1-0"]
[Round "10"]
[TimeControl "180+1"]
[Date "2023.08.15"]
[WhiteClock "0:00:15"]
[BlackClock "0:00:00"]
[Board "11"]

1. d4 d5 2. Nf3 Nf6 3. Bf4 Bf5 4. e3 e6 5. c4 Bxb1 6. Rxb1 Bb4+ 7. Ke2 Bd6 8. Bg5 dxc4 9. g3 Nbd7 10. Bg2 c6 11. Nd2 Nb6 12. Qc2 Be7 13. Nxc4 Nxc4 14. Qxc4 O-O 15. Rhc1 h6 16. Bxf6 Bxf6 17. b4 a6 18. f4 Be7 19. a4 Qd7 20. Be4 Rac8 21. Kf3 Rfd8 22. g4 Kf8 23. Rh1 g5 24. f5 Bf6 25. fxe6 Qxe6 26. Rhc1 Re8 27. Qxe6 fxe6 28. b5 cxb5 29. Rxc8 Rxc8 30. axb5 axb5 31. Rxb5 Rc3 32. Ke2 Rc7 33. h3 e5 34. dxe5 Bg7 35. Bf5 Ke7 36. Kf3 Kd8 37. Ke4 Re7 38. e6 Rc7 39. Ra5 Ke7 40. Ra7 Rc4+ 41. Kd5 Rb4 42. Ra8 Rb3 43. Rb8 Ba1 44. e4 Rb5+ 45. Kc4 Rb6 46. Ra8 Be5 47. Kc5 Rb1 48. Kd5 Rb5+ 49. Kc4 Rb1 50. Ra7 Bb8 51. Ra5 Bc7 52. Rd5 Rc1+ 53. Kb5 Rb1+ 54. Kc4 Rc1+ 55. Kb3 Rc6 56. Rd7+ Kf8 57. Rf7+ Ke8 58. Rh7 Bd6 59. Rxh6 1-0


[Site "https://www.chess.com"]

[Event "Titled Tuesday Blitz August 15 Late 2023"]
[White "Xiong, Jeffery"]
[Black "Tristan, Leonardo"]
[WhiteFideId "2047640"]
[BlackFideId "113816"]
[WhiteElo "2981"]
[BlackElo "2794"]
[Result "1-0"]
[Round "10"]
[TimeControl "180+1"]
[Date "2023.08.15"]
[WhiteClock "0:00:15"]
[BlackClock "0:00:00"]
[Board "12"]

1. e4 d5 2. exd5 Qxd5 3. Nc3 Qa5 4. d4 Nf6 5. Nf3 Bf5 6. Bd2 e6 7. Bc4 Bb4 8. a3 Bxc3 9. Bxc3 Qb6 10. Qe2 O-O 11. O-O Nc6 12. h3 Rad8 13. Rad1 Rfe8 14. b3 h6 15. Bb2 Be4 16. Rfe1 Bd5 17. Bxd5 exd5 18. Qd3 a6 19. Ne5 Ne4 20. Qf3 Nxe5 21. dxe5 Ng5 22. Qg4 Qg6 23. Re2 h5 24. Qg3 Qf5 25. f3 Ne6 26. Bc1 d4 27. Qf2 d3 28. cxd3 Rxd3 29. Rxd3 Qxd3 30. b4 Rd8 31. Rd2 Qb1 32. Rxd8+ Nxd8 33. Qf1 Ne6 34. Be3 Qb3 35. Qc1 h4 36. f4 Qd3 37. Kf2 g6 38. Kf3 c6 39. Kg4 Qe4 40. Qd2 Kh7 41. Kxh4 g5+ 42. Kg3 gxf4+ 43. Bxf4 Ng7 44. Kf2 Nf5 45. g4 Nh4 46. Kg3 Ng6 47. Qe3 Qb1 48. h4 Qh1 49. h5 Qh4+ 50. Kf3 Nxf4 51. Qxf4 Qh3+ 52. Qg3 Qh1+ 53. Kf4 Qc1+ 54. Qe3 Qf1+ 55. Kg5 Kg7 56. Qf4 Qa1 57. h6+ Kg8 58. h7+ Kxh7 59. Qxf7+ Kh8 60. Kg6 Qb1+ 61. Qf5 Qb3 62. Qh5+ Kg8 63. Qf5 1-0


[Site "https://www.chess.com"]

[Event "Titled Tuesday Blitz August 15 Late 2023"]
[White "Zhigalko, Sergei"]
[Black "Drygalov, Sergey"]
[WhiteFideId "13502956"]
[BlackFideId "24171743"]
[WhiteElo "2925"]
[BlackElo "2966"]
[Result "0-1"]
[Round "10"]
[TimeControl "180+1"]
[Date "2023.08.15"]
[WhiteClock "0:00:02"]
[BlackClock "0:01:24"]
[Board "13"]

1. e4 c5 2. Nf3 d6 3. d4 cxd4 4. Qxd4 Nf6 5. Nc3 Nc6 6. Bb5 e6 7. e5 dxe5 8. Qxd8+ Kxd8 9. Bxc6 bxc6 10. Nxe5 Ke8 11. Bd2 Bd6 12. Nc4 Be7 13. O-O-O c5 14. Bf4 Bb7 15. f3 Nd5 16. Nxd5 Bxd5 17. Nd6+ Bxd6 18. Bxd6 c4 19. Rhe1 Kd7 20. Bg3 f6 21. Re3 Kc6 22. b3 Rhd8 23. Rc3 Kb5 24. bxc4+ Bxc4 25. a4+ Kb4 26. Rxd8 Rxd8 27. Be1 Kc5 28. Bf2+ Kd5 29. a5 a6 30. Bb6 Rc8 31. Kd2 e5 32. Ke3 g5 33. g3 h5 34. f4 exf4+ 35. gxf4 Re8+ 36. Kf2 Re2+ 37. Kf3 g4+ 38. Kg3 Bb5 39. f5 Ke4 40. Rc5 Ba4 41. Rc4+ Kxf5 42. Rxa4 Kg5 43. Bd4 h4# 0-1


[Site "https://www.chess.com"]

[Event "Titled Tuesday Blitz August 15 Late 2023"]
[White "Kramnik, Vladimir"]
[Black "Dourerassou, Jonathan"]
[WhiteFideId "4101588"]
[BlackFideId "628050"]
[WhiteElo "2959"]
[BlackElo "2712"]
[Result "1-0"]
[Round "10"]
[TimeControl "180+1"]
[Date "2023.08.15"]
[WhiteClock "0:00:01"]
[BlackClock "0:00:00"]
[Board "14"]

1. c4 e6 2. Nc3 d5 3. d4 Nf6 4. cxd5 exd5 5. Bg5 Be7 6. e3 Nbd7 7. Bd3 c6 8. Qc2 Nh5 9. Bxe7 Qxe7 10. Nge2 g6 11. O-O O-O 12. Rae1 f5 13. Nc1 Ndf6 14. f3 Qd6 15. Qf2 Bd7 16. Nb3 Rae8 17. Nc5 Bc8 18. Bc2 b6 19. Nd3 c5 20. dxc5 bxc5 21. Rd1 Ba6 22. Rfe1 Rb8 23. Rd2 Rfe8 24. Red1 Qe7 25. b3 c4 26. bxc4 Bxc4 27. Nf4 Nxf4 28. exf4 Qe3 29. Bd3 Qxf4 30. Bxc4 dxc4 31. Rd4 Qc7 32. Qh4 Qb6 33. Kh1 Re6 34. h3 Rbe8 35. Rxc4 Nh5 36. Nd5 Qb8 37. Rc7 Rd6 38. Qd4 Qxc7 39. Nxc7 Rxd4 40. Rxd4 Re1+ 41. Kh2 f4 42. h4 Ng3 43. Rxf4 Nf5 44. h5 Re2 45. hxg6 hxg6 46. a4 Ra2 47. Re4 Kf7 48. Nb5 a6 49. Nc7 a5 50. Nd5 Nd6 51. Rf4+ Ke6 52. Nc3 Ra3 53. Ne4 Nf5 54. Ng5+ Ke5 55. Re4+ Kd5 56. Re6 Nd4 57. Rxg6 Rxa4 58. Ne4 Ra2 59. Kh3 a4 60. Nc3+ Kc4 61. Nxa2 Ne2 62. Ra6 Kb3 63. Rxa4 Kxa4 64. g4 Kb5 65. g5 Kc6 66. Kg4 Nd4 67. f4 Kd6 68. Nc3 Nc6 69. Ne4+ Ke7 70. f5 Nd4 71. Kf4 Kf7 72. Nd6+ Ke7 73. Ne4 Nc6 74. g6 1-0


[Site "https://www.chess.com"]

[Event "Titled Tuesday Blitz August 15 Late 2023"]
[White "Kazakouski, Valery"]
[Black "Papp, Levente"]
[WhiteFideId "13507443"]
[BlackFideId "751243"]
[WhiteElo "2938"]
[BlackElo "2700"]
[Result "1-0"]
[Round "10"]
[TimeControl "180+1"]
[Date "2023.08.15"]
[WhiteClock "0:00:14"]
[BlackClock "0:00:00"]
[Board "15"]

1. Nf3 b6 2. g3 Bb7 3. Bg2 g6 4. O-O Bg7 5. c4 Nf6 6. d4 O-O 7. d5 Ne4 8. Qc2 f5 9. Rd1 c6 10. Nfd2 cxd5 11. cxd5 Nd6 12. Nc4 Na6 13. Nxd6 exd6 14. Na3 Rc8 15. Qa4 Re8 16. e3 Nc5 17. Qc2 Ba6 18. Bf1 Bxf1 19. Kxf1 Qg5 20. Qe2 Ne4 21. f3 Nc5 22. Nc4 Nb7 23. a4 Qh5 24. Kg2 f4 25. gxf4 Rf8 26. Bd2 Qxd5 27. Rac1 Qh5 28. Bb4 Rcd8 29. Nxd6 Nxd6 30. Bxd6 Rfe8 31. Qc4+ Re6 32. Rd5 Qh4 33. Bc7 Rde8 34. Rxd7 Kh8 35. e4 g5 36. f5 g4 37. fxe6 Qh3+ 38. Kg1 gxf3 39. Qf1 Bd4+ 40. Rxd4 Rg8+ 41. Kh1 Rg2 42. Be5+ 1-0


[Site "https://www.chess.com"]